 Dungeon Crawl Stone Soup version 0.18.1-8-gdd0e5ea (webtiles) character file.

7 Gargoyl the Skirmisher (level 1, -10/18 HPs)
             Began as a Demonspawn Abyssal Knight on June 3, 2016.
             Was a Follower of Lugonu.
             Mangled by a gnoll
             ... wielding a +0 flail
              (13 damage)
             ... on level 1 of the Dungeon.
             The game lasted 00:01:39 (741 turns).

Gargoyl the Skirmisher (Demonspawn Abyssal Knight)   Turns: 741, Time: 00:01:40

Health: -10/18     AC:  8    Str: 12    XL:     1   Next: 91%
Magic:  2/2        EV:  5    Int: 13    God:    Lugonu [*.....]
Gold:   52         SH:  0    Dex: 12    Spells: 0 memorised, 0 levels left

rFire  . . .     SeeInvis .     a - +1 hand axe
rCold  . . .     Gourm    .     i - +0 chain mail
rNeg   . . .     Faith    .     (no shield)
rPois  .         Spirit   .     (no helmet)
rElec  .         Dismiss  .     (no cloak)
rCorr  .         Reflect  .     (no gloves)
SustAt .         Harm     .     (no boots)
MR     .....                    (no amulet)
Stlth  ..........               (no ring)
                                (no ring)

@: very slightly contaminated, hasted, drained, invisible, very quick, not
resistant to hostile enchantments, extremely unstealthy
A: no striking features
a: Depart the Abyss, Renounce Religion


You were on level 1 of the Dungeon.
You worshipped Lugonu.
Lugonu was aware of your devotion.
You were not hungry.

You visited 1 branch of the dungeon, and saw 1 of its levels.
You visited the Abyss 1 time.

You collected 52 gold pieces.

Inventory:

Hand Weapons
 a - a +1 hand axe (weapon)
Armour
 i - a +0 chain mail (worn)
Wands
 b - a wand of iceblast (10/15)
Scrolls
 d - 3 scrolls of identify {unknown}
 f - a scroll of immolation {unknown}
 h - a scroll of recharging {unknown}
Comestibles
 c - 2 bread rations


   Skills:
 + Level 3.1(3.0) Fighting
 + Level 2.0(1.8) Axes
 * Level 2.0(1.8) Armour
 + Level 0.8(0.7) Dodging
 + Level 2.6(2.5) Invocations


You couldn't memorise any spells.
You didn't know any spells.

Dungeon Overview and Level Annotations

Branches:
Dungeon (1/15)

Altars:


Message History

Drink which item? (? for menu, Esc to quit)
It was a potion of invisibility.
You fade into invisibility!
The giant newt bites you but does no damage.
The gnoll closely misses you.
You are very lightly contaminated with residual magic.
Drink which item? (? for menu, Esc to quit)
It was a potion of magic.
Magic courses through your body.
The giant newt bites you but does no damage.
Drink which item? (? for menu, Esc to quit)
It was a potion of haste.
You feel yourself speed up. The gnoll closely misses you.
The giant newt barely misses you.
You hit the gnoll but do no damage.
The gnoll is severely wounded.
You closely miss the giant newt.
The giant newt hisses menacingly.
The giant newt bites you but does no damage.
The gnoll hits you with a flail!
Ouch! That really hurt!
You die...

......)......................>..
#.#.########(#..................
#.#.###### #.#########..........
#.#......###.# #..........#.....
..........##.# #..........# ...
#..###.#..##.# #..........# .
#..#.#.#...#.# #..........#
..†....#.#.#.# #.g........#
.......#.#...# #@l........#
......##.#.###########....#
...........#8≈≈§§≈≈§8#..###
...........#..§§§§...#.)#
#..........#.........#..#
#.########.'....8....#..#
#..........'....8...<#..#
#..........#.........#..#
#..........#§........#..#


You could see a gnoll and a giant newt.

Vanquished Creatures
  A hobgoblin (D:1)
  A ball python (D:1)
  2 bats (D:1)
  A goblin (D:1)
  A kobold (D:1)
  3 rats (D:1)
9 creatures vanquished.

Notes
Turn   | Place    | Note
--------------------------------------------------------------
     0 | Abyss:1  | Gargoyl the Demonspawn Abyssal Knight began the quest for the Orb.
     0 | Abyss:1  | Reached XP level 1. HP: 18/18 MP: 2/2
     6 | Abyss:2  | Found a corrupted altar of Lugonu.
    21 | Abyss:2  | Noticed a profane servitor
    75 | Abyss:2  | Noticed an ancient zyme
    90 | Abyss:2  | Noticed an iron imp
   109 | Abyss:2  | Noticed a chaos spawn
   165 | Abyss:3  | Noticed a profane servitor
   176 | Abyss:3  | Noticed a smoke demon
   178 | D:1      | Escaped the Abyss
   703 | D:1      | Reached * piety under Lugonu
   741 | D:1      | Mangled by a gnoll

Skill      XL: |  1 |
---------------+----+-----
Armour         | 2 |  2.0
Axes           | 2 |  2.0
Fighting       | |  3.1
Dodging        | |  0.8
Invocations    | |  2.6

Action                   || total
-------------------------++-------
Melee: Hand axe          ||    28
Invok: Depart the Abyss  ||     1
  Use: Potion            ||     3
Armor: Chain mail        ||    34
Dodge: Dodged            ||    16
